Map: Бурлящие пески

Players

Murena

  • Race: Terran Terran
  • Spawn Location: 1:00

ИИ 1 (эксперт) - Winner!

  • Race: Protoss Protoss
  • Spawn Location: 7:00

VOD

Have the link to the VOD?

Description

Time

  • Played on: March 27, 2019, 2:14 p.m.
  • Length: 6:10
Show
View Real Time Build Order
Export as new Build Order

Murena Terran 

Build Orders:  

Get SALT Encoding   

  12  0:00  SCV  
  13  0:12  SCV  
  14  0:19  Supply Depot  
  14  0:25  SCV  
  15  0:40  SCV  
  15  0:41  Barracks  
  16  0:54  Barracks  
  16  0:55  SCV  
  17  1:05  Supply Depot  
  17  1:07  SCV  
  18  1:20  SCV  
  18  1:22  Refinery  
  19  1:28  Marine  
  20  1:33  Orbital Command  
  20  1:41  Marine  
  20  1:46  Marine  
  22  1:59  SCV  
  22  2:00  Marine  
  24  2:05  Marine  
  25  2:11  SCV  
  25  2:12  Refinery  
  26  2:16  Supply Depot  
  26  2:19  Barracks Reactor  
  26  2:21  Engineering Bay  
  26  2:24  Barracks Reactor  
  26  2:26  SCV  
  27  2:37  Bunker  
  27  2:38  SCV  
  28  2:50  SCV  
  29  2:53  Missile Turret  
  29  2:55  Marine x2  
  31  3:00  Marine x2  
  31  3:02  Supply Depot  
  33  3:07  SCV  
  33  3:11  Factory  
  34  3:14  Marine x2  
  34  3:18  Marine  
  34  3:19  Marine  
  38  3:25  Terran Infantry Weapons Level 1  
  38  3:32  Marine  
  38  3:33  Marine  
  40  3:37  Marine x2  
  42  3:48  Engineering Bay  
  42  3:51  Marine  
  42  3:52  Marine  
  44  3:55  Supply Depot  
  44  3:56  Factory Tech Lab  
  44  4:08  Reaper  
  44  4:09  Reaper  
  46  4:10  Reaper  
  46  4:14  Terran Infantry Armor Level 1  
  47  4:17  Reaper  
  47  4:20  Hellion  
  50  4:30  Barracks  
  50  4:37  Supply Depot  
  50  4:40  Reaper  
  50  4:42  Reaper  
  50  4:43  Reaper  
  53  4:56  Reaper  
  54  5:01  Hellion  
  56  5:23  Starport  
Show
View Real Time Build Order
Export as new Build Order

ИИ 1 (эксперт) Protoss - Winner!

Build Orders: 1 Gate Expand 

Get SALT Encoding   

  12  0:00  Probe  
  13  0:13  Probe  
  14  0:20  Pylon  
  14  0:25  Probe  
  15  0:34  Probe  
  15  0:42  Probe  
  17  0:50  Gateway  
  17  0:52  Probe  
  18  1:00  Probe  
  18  1:08  Probe  
  19  1:12  Assimilator  
  19  1:16  Pylon  
  20  1:19  Probe  
  21  1:38  Nexus  
  21  1:46  Cybernetics Core  
  21  1:48  Zealot  
  23  2:04  Gateway  
  23  2:05  Probe  
  24  2:15  Pylon  
  24  2:17  Probe  
  24  2:19  Zealot  
  27  2:29  Warp Gate, Probe  
  28  2:38  Assimilator  
  28  2:40  Probe  
  29  2:46  Adept  
  29  2:47  Adept  
  29  2:48  Probe  
  31  2:56  Probe  
  35  3:05  Probe  
  35  3:07  Pylon  
  36  3:13  Stalker  
  36  3:16  Adept  
  40  3:28  Probe  
  41  3:36  Gateway  
  41  3:37  Stalker  
  41  3:38  Probe  
  42  3:46  Stalker  
  42  3:47  Probe  
  47  3:55  Probe  
  48  3:57  Stalker  
  48  3:59  Probe  
  49  4:07  Probe  
  52  4:11  Probe  
  53  4:19  Probe  
  53  4:23  Probe  
  55  4:24  Stalker  
  55  4:31  Stalker, Probe  
  59  4:34  Stalker  
  59  4:35  Pylon  
  62  4:39  Pylon  
  62  4:53  Stalker, Probe x2  
  62  4:57  Stalker x2  
  70  5:05  Probe x2  
  70  5:06  Pylon  
  72  5:13  Stalker, Probe  
  72  5:14  Pylon  
  74  5:17  Probe  
  76  5:21  Probe  
  76  5:24  Stalker x2  
  81  5:29  Probe  
  81  5:31  Probe  
  81  5:34  Pylon  
  81  5:35  Stalker  
  85  5:41  Probe  
  86  5:44  Probe  
  86  5:46  Twilight Council  
  86  5:47  Stalker x2  
  89  5:54  Probe  
  89  5:56  Probe  
  77  6:01  Zealot  
  73  6:09  Assimilator  
Tags
 
Add a new tag
Caveats
  • Supply blocks, unpowered buildings, or Contaminate may cause inaccurate times.
  • Supply counts are checked every 10 seconds.